 Dungeon Crawl Stone Soup version 0.28-a0-821-g923ab73998 (webtiles) character file.

Game seed: 11914086323435602859

10714 BinkBink the Grappler (level 11, -1/105 HPs)
             Began as a Troll Fighter on Nov 9, 2021.
             Was an Elder of Sif Muna.
             Slain by a hornet (16 damage)
             ... on level 11 of the Dungeon.
             The game lasted 00:27:37 (9607 turns).

BinkBink the Grappler (Troll Fighter)               Turns: 9607, Time: 00:27:37

Health: -1/105     AC:  4    Str: 32    XL:     11   Next: 39%
Magic:  17/17      EV: 10    Int:  7    God:    Sif Muna [****..]
Gold:   518        SH:  0    Dex:  9    Spells: 20/20 levels left

rFire   . . .      SeeInvis .     - Unarmed
rCold   . . .      Faith    .   (no shield)
rNeg    . . .      Spirit   .   a - +0 robe
rPois   .          Reflect  .   (helmet restricted)
rElec   .          Harm     .   (no cloak)
rCorr   .          Rampage  .   (gloves unavailable)
Will    .....                   (boots unavailable)
Stlth   +.........              (no amulet)
HPRegen 1.27/turn               d - +6 ring of strength
MPRegen 0.15/turn               (no ring)

@: slowed, very slow
A: large, unfitting armour, claws 3, regeneration 1, shaggy fur 1, tough skin 1
a: Renounce Religion, Channel Magic, Forget Spell, Divine Exegesis


You were on level 11 of the Dungeon.
You worshipped Sif Muna.
Sif Muna was greatly pleased with you.
You visited 1 branch of the dungeon, and saw 11 of its levels.
You also visited: Ossuary.

You collected 518 gold pieces.

Inventory:

Missiles
 A - a throwing net (quivered)
Armour
 a - a +0 robe (worn)
 b - a +0 kite shield
 m - a +0 helmet
 L - a scarf of invisibility
Magical Staves
 n - a staff of death
Jewellery
 d - a +6 ring of strength (left claw)
 x - a ring of flight
 I - a ring of magical power
 K - a ring of fire
Wands
 p - a wand of iceblast (11)
 u - a wand of flame (61)
 w - a wand of digging (8)
Scrolls
 f - 2 scrolls of amnesia {unknown}
 h - a scroll of acquirement {unknown}
 i - a scroll of summoning {unknown}
 k - 6 scrolls of teleportation
 q - 2 scrolls of enchant armour {unknown}
 t - a scroll of enchant weapon {unknown}
 v - 2 scrolls of fog {unknown}
 y - 4 scrolls of identify {unknown}
 z - 2 scrolls of magic mapping {unknown}
 B - 2 scrolls of noise {unknown}
 C - 4 scrolls of immolation {unknown}
 G - a scroll of blinking {unknown}
 H - a scroll of fear {unknown}
 J - a scroll of brand weapon {unknown}
 M - a scroll of holy word {unknown}
Potions
 c - 2 potions of might
 e - 6 potions of lignification {unknown}
 g - 3 potions of ambrosia {unknown}
 j - 3 potions of curing
 l - a potion of resistance {unknown}
 o - 3 potions of flight {unknown}
 r - 3 potions of mutation {unknown}
 s - 3 potions of brilliance {unknown}
 D - a potion of degeneration {unknown}
 E - a potion of attraction {unknown}
 F - 3 potions of heal wounds {unknown}


   Skills:
 + Level 6.0 Fighting
 - Level 2.6 Dodging
 - Level 0.8 Stealth
 - Level 2.6 Shields
 + Level 14.5 Unarmed Combat
 * Level 5.1 Spellcasting


You had 20 spell levels left.
You didn't know any spells.
Your spell library contained the following spells:

 Spells                   Type           Power      Damage    Failure   Level
 Animate Skeleton         Necr           2%         N/A       28%         1
 Apportation              Tloc           2%         N/A       28%         1
 Magic Dart               Conj           4%         1d3       28%         1
 Summon Small Mammal      Summ           4%         N/A       28%         1
 Call Imp                 Summ           1%         N/A       38%         2
 Corpse Rot               Necr/Air       2%         N/A       38%         2
 Poisonous Vapours        Pois/Air       2%         N/A       38%         2
 Sublimation of Blood     Necr           1%         N/A       38%         2
 Wereblood                Tmut           1%         N/A       38%         2
 Call Canine Familiar     Summ           1%         N/A       63%         3
 Gell's Gravitas          Tloc           1%         N/A       63%         3
 Mephitic Cloud           Conj/Pois/Air  1%         N/A       63%         3
 Summon Guardian Golem    Hex/Summ       1%         N/A       63%         3
 Teleport Other           Tloc           1%         N/A       63%         3
 Olgreb's Toxic Radiance  Pois           1%         N/A       95%         4
 Dispersal                Tloc           0%         N/A       100%        6
 Ozocubu's Refrigeration  Ice            0%         4d5       100%        7
 Summon Hydra             Summ           0%         N/A       100%        7
 Ignition                 Fire           0%         3d3       100%        8


Dungeon Overview and Level Annotations

Branches:
Dungeon (11/15)            Temple (0/1) D:4            Lair (0/6) D:9
    Orc (0/2) D:9         Ossuary (visited)

Altars:
Ashenzari
Fedhas
Nemelex Xobeh
Qazlal
Sif Muna
Trog
Uskayaw
Wu Jian
Xom
Zin

Shops:
D:4 (

Annotations:
D:3 1 runed translucent door, Crazy Yiuf
D:9 3 runed translucent doors, Gargoyl's ghost, novice GnAK


Innate Abilities, Weirdness & Mutations

You are too large for most types of armour.
You have claws for hands.
Your natural rate of healing is unusually fast.
You are covered in fur. (AC +1)
You have tough skin. (AC +1)


Message History

The hornet stings you.
You are more poisoned.
You suddenly lose the ability to move!
The hornet stings you!
You feel as though you will be slow longer.
You feel very sick. The hornet stings you.
You shrug off the repeated paralysis!
The hornet stings you.
You are more poisoned.
You shrug off the repeated paralysis!
You can move again.
You claw the hornet!
The hornet is severely wounded.
You feel extremely sick. The hornet stings you!
You feel as though you will be slow longer.
You feel better. The hornet stings you.
You are poisoned.
You feel as though you will be slow longer.
The hornet stings you.
You feel as though you will be slow longer.
Unknown command.
You scratch the hornet. Your claw misses the hornet.
The hornet is severely wounded.
You feel very sick. The hornet stings you!
You are more poisoned.
You shrug off the repeated paralysis!
The hornet stings you!
* * * LOW HITPOINT WARNING * * *
You feel as though you will be slow longer.
You feel better. The hornet stings you!
* * * LOW HITPOINT WARNING * * *
You feel as though you will be slow longer.
The hornet stings you.
* * * LOW HITPOINT WARNING * * *
You feel as though you will be slow longer.
The hornet stings you.
* * * LOW HITPOINT WARNING * * *
You feel as though you will be slow longer.
The hornet stings you!
You die...

############
#≈≈..)..≈≈≈######
#≈≈..≈≈.....≈≈≈.#
##.≈....≈≈.≈.)...#
#...≈.......≈≈≈._#
#..≈....≈≈.≈.....#
#.≈≈..≈≈.....≈≈≈.#
#.≈≈.....≈≈≈######
#@.....######
##y.)..##
#......#####
####..........#
....
##........#.##.##
...)
##..##.....#.##..#
(..
#..###.#.###.###.#
..#
#.##...##.##.##.##
..##
#.##.#####.....##


You could see a hornet.

Vanquished Creatures
  A two-headed ogre (D:10)
  4 skeletal warriors (D:11)
  A komodo dragon (D:10)
  A troll (D:10)
  Grinder (D:5)
  22 yaks
  A wyvern (D:7)
  3 steam dragons
  A water moccasin (D:7)
  2 sky beasts
  A black bear (D:7)
  An orc warrior (D:8)
  A necrophage (D:7)
  5 ogres
  A hornet zombie (D:6)
  2 phantoms (D:6)
  A kobold brigand (D:7)
  3 elf zombies (Ossuary)
  5 bullfrogs
  A scorpion (D:6)
  2 water moccasin zombies (D:6)
  3 howler monkeys (D:7)
  4 jellies
  4 human zombies (Ossuary)
  8 centaur zombies
  5 hounds
  3 orc priests
  A bullfrog skeleton (D:4)
  A gnoll shaman (D:8)
  An iguana (D:5)
  2 orc wizards
  3 mummies (Ossuary)
  2 howler monkey zombies
  6 adders
  14 gnolls
  A howler monkey skeleton (D:5)
  A shadow imp (D:7)
  5 white imps
  An ufetubus (D:6)
  An adder zombie (D:5)
  2 worms (D:3)
  A dart slug (D:5)
  25 orcs
  5 endoplasms
  4 giant cockroaches
  7 goblins
  A hobgoblin (D:1)
  2 jackals (D:1)
  3 quokkas
  7 ball pythons
  5 bats
  14 kobolds
  7 rats
  A spectral kobold (D:2)
210 creatures vanquished.

Vanquished Creatures (others)
  An orc wizard (D:9)
  An orc (D:9)
  5 plants (D:9)
7 creatures vanquished.

Grand Total: 217 creatures vanquished

Notes
Turn   | Place    | Note
-------+----------+-------------------------------------------
     0 | D:1      | BinkBink the Troll Fighter began the quest for the Orb.
     0 | D:1      | Reached XP level 1. HP: 22/22 MP: 0/0
   144 | D:1      | Reached XP level 2. HP: 29/29 MP: 1/1
  1031 | D:2      | Found a faded altar of an unknown god.
  1104 | D:2      | Reached XP level 3. HP: 34/36 MP: 2/2
  1659 | D:3      | Noticed an ogre
  1721 | D:3      | Killed an ogre
  1722 | D:3      | Reached skill level 3 in Unarmed Combat
  1722 | D:3      | Reached skill level 1 in Spellcasting
  1722 | D:3      | Reached XP level 4. HP: 38/44 MP: 4/4
  1722 | D:3      | Reached XP level 5. HP: 45/52 MP: 5/5
  1869 | D:3      | Found a shimmering blue altar of Sif Muna.
  2036 | D:3      | Became a worshipper of Sif Muna the Loreminder
  2225 | D:3      | Found a runed translucent door.
  2228 | D:3      | Noticed Crazy Yiuf
  2489 | D:4      | Found Fuiwovy's Antique Weapon Emporium.
  2503 | D:4      | Reached skill level 4 in Unarmed Combat
  2605 | D:4      | Found a blossoming altar of Fedhas.
  2681 | D:4      | Found a staircase to the Ecumenical Temple.
  2720 | D:4      | Reached XP level 6. HP: 42/61 MP: 7/7
  2894 | D:4      | Reached skill level 5 in Unarmed Combat
  3076 | D:5      | Entered Level 5 of the Dungeon
  3096 | D:5      | Noticed Grinder
  3127 | D:5      | Killed Grinder
  3127 | D:5      | Reached * piety under Sif Muna
  3128 | D:5      | Reached skill level 6 in Unarmed Combat
  3128 | D:5      | Reached XP level 7. HP: 67/67 MP: 7/9
  3311 | D:5      | Found a sparkling altar of Nemelex Xobeh.
  3375 | D:5      | Reached skill level 7 in Unarmed Combat
  3388 | D:5      | Reached XP level 8. HP: 38/76 MP: 10/10
  3591 | D:5      | Found an ornate altar of the Wu Jian Council.
  3998 | D:6      | Reached skill level 8 in Unarmed Combat
  4035 | D:6      | Found a hide-covered altar of Uskayaw.
  4313 | D:6      | Found a bloodstained altar of Trog.
  4320 | D:6      | Found a glowing silver altar of Zin.
  4342 | D:6      | Reached skill level 9 in Unarmed Combat
  4794 | D:7      | Reached ** piety under Sif Muna
  4809 | D:7      | Reached XP level 9. HP: 83/84 MP: 12/12
  5467 | D:7      | Reached skill level 10 in Unarmed Combat
  6084 | D:7      | Reached skill level 11 in Unarmed Combat
  6133 | D:7      | Reached skill level 5 in Fighting
  6175 | D:7      | Reached XP level 10. HP: 85/96 MP: 15/15
  6262 | D:8      | Reached *** piety under Sif Muna
  6274 | D:8      | Found a sand-covered staircase.
  6324 | Ossuary  | Entered an ossuary
  6505 | D:8      | Reached skill level 12 in Unarmed Combat
  6586 | D:8      | Found a shimmering altar of Xom.
  7194 | D:9      | Found a staircase to the Orcish Mines.
  7234 | D:9      | Reached **** piety under Sif Muna
  7272 | D:9      | Reached skill level 13 in Unarmed Combat
  7431 | D:9      | Found a stormy altar of Qazlal.
  7509 | D:9      | Found a staircase to the Lair.
  7847 | D:9      | Found a runed translucent gate.
  7848 | D:9      | Found a runed translucent gate.
  7848 | D:9      | Found a runed translucent gate.
  7850 | D:9      | Noticed a nine-headed hydra
  7850 | D:9      | Noticed Gargoyl's ghost (novice GnAK)
  8162 | D:10     | Entered Level 10 of the Dungeon
  8592 | D:10     | Reached XP level 11. HP: 52/104 MP: 17/17
  8679 | D:10     | Noticed a two-headed ogre
  8755 | D:10     | Killed a two-headed ogre
  8940 | D:10     | Found a broken altar of Ashenzari.
  8943 | D:10     | Identified the +2 dagger "Poigh" {chaos, rPois Dex+2}
  9215 | D:11     | Noticed a skeletal warrior
  9225 | D:11     | Noticed a skeletal warrior
  9232 | D:11     | Noticed a two-headed ogre
  9319 | D:11     | Noticed a skeletal warrior
  9325 | D:11     | Noticed a skeletal warrior
  9332 | D:11     | Found a hide-covered altar of Uskayaw.
  9343 | D:11     | Killed a skeletal warrior
  9344 | D:11     | Reached skill level 14 in Unarmed Combat
  9348 | D:11     | Killed a skeletal warrior
  9349 | D:11     | Reached skill level 5 in Spellcasting
  9429 | D:11     | Killed a skeletal warrior
  9546 | D:11     | Killed a skeletal warrior
  9601 | D:11     | Paralysed by a hornet for 2 turns
  9607 | D:11     | Slain by a hornet

Illustrated notes

Levels and vault maps discovered:
D:1:      minmay_arrival_loop, layout_basic, serial_rivers,
          chequers_serial_rivers_micro_d, chequers_serial_rivers_micro_d,
          chequers_serial_rivers_small_b, chequers_serial_rivers_marsh,
          chequers_serial_rivers_small_3, nrook_mini_backslash, hex_large
D:2:      layout_rooms, dreamdust_ecumenical_altar_drowned_temple,
          minmay_misc_feat_x
D:3:      layout_basic, mainiacjoe_overflow_cross_hatched,
          uniq_crazy_yiuf_cottage
D:4:      layout_rooms, fedhas_altar_2, minmay_temple_entry_glassed_door,
          serial_shops, nicolae_shop_overgrown_old_shop,
          hangedman_decor_opposing, grunt_decor_mini_mirrors
D:5:      layout_basic, pdpol_wu_jian_five_deadly_venoms,
          nemelex_diamond_rough_becter, serial_curves, eino_curves_02,
          eino_curves_02, eino_curves_04, uniq_grinder
D:6:      layout_gridville, grunt_temple_overflow_open,
          mainiacjoe_overflow_boulevard
D:7:      lemuel_ice_spiral_2, layout_basic
D:8:      layout_loops_cross, mainiacjoe_overflow_small_starburst,
          enter_ossuary_1
D:9:      layout_roguey, lemuel_round_altar, lair_entry_dummy, orc_0_dummy,
          gammafunk_ghost_hydra_chop, hex_tiny
D:10:     layout_loops_cross, evilmike_ruin_ashenzari
D:11:     layout_rooms, grunt_ministairs_15, hex_intersection,
          grunt_decor_resistance, nicolae_uskayaw_suspiria

Skill      XL: |  1  2  3  4  5  6  7  8  9 10 11 |
---------------+----------------------------------+-----
Unarmed Combat | 3 4 6 7 9 11 13 14 | 14.5
Spellcasting   | 1 2 3 4 5 |  5.1
Fighting       | 3 4 5 6 |  6.0
Dodging        | |  2.6
Stealth        | |  0.8
Shields        | |  2.6

Action                   |  1- 3 |  4- 6 |  7- 9 | 10-12 || total
-------------------------+-------+-------+-------+-------++-------
Melee: Unarmed           |    94 |   116 |   232 |   244 ||   686
       Punch             |       |     2 |    13 |    18 ||    33
  Use: Scroll            |       |       |     3 |     2 ||     5
       Potion            |       |       |     1 |     3 ||     4
 Stab: Sleeping          |     1 |       |       |       ||     1
Armor: Robe              |    37 |    19 |    45 |    35 ||   136
Dodge: Dodged            |    23 |    52 |    83 |    98 ||   256
Block: Kite shield       |    45 |     5 |       |       ||    50

Table legend: (Time is in decaauts)
 A = Elapsed time spent in this place.
 B = Non-inter-level travel time spent in this place.
 C = Inter-level travel time spent in this place.
 D = Time resting spent in this place.
 E = Time spent auto-exploring this place.
 F = Levels seen in this place.
 G = Mean time per level.
                   A        B        C        D        E       F      G
               +--------+--------+--------+--------+--------+-----+--------+
         Total |   9552 |   8794 |    758 |      0 |   6686 |  12 |  796.0 |
       Dungeon |   9391 |   8633 |    758 |      0 |   6609 |  11 |  853.7 |
       Ossuary |    161 |    161 |      0 |      0 |     77 |   1 |  161.0 |
               +--------+--------+--------+--------+--------+-----+--------+

Top non-repeatable levels by time:
     D:7: 1372 daAuts
    D:10: 1041 daAuts
     D:1: 966 daAuts
     D:9: 961 daAuts
     D:3: 931 daAuts
     D:6: 860 daAuts
     D:8: 836 daAuts
     D:5: 816 daAuts
     D:2: 621 daAuts
     D:4: 583 daAuts
    D:11: 400 daAuts
 Ossuary: 161 daAuts
